AoeStats
← Chill Trip

Arabia

510716729Analyzed
4v4 RM · 18h ago on Oct 2, 2026· 51m 37s· 8 players
Game mode
Random Map
Map size
Large (8 player)
Population
200
Speed
Normal
Resources
Standard
Victory
Conquest
Starting age
Dark Age
Ending age
Imperial Age
RankedLock teamsTeams togetherTeam positionsShared explorationLock speedFull tech treeHidden civsTurbo modeCheats
Victory
Defeat
🇳🇨 Burgundians · New Caledonia
1126
+15
🇫🇷 Saxons · France
1123
+15
🇳🇨 Shu · New Caledonia
1035
+18
🇫🇷 Slavs · France
1032
+18
1123
-18
🇨🇳 Ethiopians · China
1114
-17
🇨🇳 Goths · China
1067
-16
🇨🇳 Franks · China
1054
-15
渣渣灰
12:26 Feudal Age
19:00 Castle Age
16:59 Double-Bit Axe
19:41 Loom
21:42 Bow Saw
31:16 Imperial Age
29:07 Stone Mining
29:10 Gold Mining
31:17 Husbandry
31:25 Cavalier
32:24 Forging
40:09 Wheelbarrow
42:17 Hand Cart
44:54 Gold Shaft Mining
44:53 Scale Barding Armor
45:24 Iron Casting
50:16 Coinage
美团外卖总教练
6:33 Loom
12:50 Feudal Age
14:11 Wheelbarrow
13:18 Horse Collar
13:25 Double-Bit Axe
18:30 Castle Age
16:46 Gold Mining
19:21 Heavy Plow
19:34 Bow Saw
19:37 Scale Mail Armor
19:47 Forging
19:39 Stone Mining
19:31 Pikeman
20:12 Squires
20:18 Squires
20:42 Fletching
23:37 Bodkin Arrow
27:35 Chain Mail Armor
30:09 Anarchy
32:09 Iron Casting
33:01 Hand Cart
46:04 Imperial Age
46:25 Halberdier
48:08 Perfusion
48:28 Conscription
47:29 Elite Huskarl
52:42 Blast Furnace
十七嵗的單車
4:29 Double-Bit Axe
7:34 Loom
8:04 Horse Collar
12:17 Feudal Age
15:41 Wheelbarrow
20:13 Castle Age
25:27 Bow Saw
25:25 Heavy Plow
28:30 Cavalier
30:03 Scale Barding Armor
31:32 Chain Barding Armor
37:04 Imperial Age
35:49 Forging
36:22 Husbandry
36:37 Gold Mining
36:38 Stone Mining
38:20 Iron Casting
37:45 Paladin
39:27 Plate Barding Armor
40:38 Two-Man Saw
40:04 Conscription
40:53 Blast Furnace
44:35 Hand Cart
44:55 Crop Rotation
44:23 Light Cavalry
46:39 Scale Mail Armor
47:33 Squires
46:54 Pikeman
47:19 Arson
47:52 Chain Mail Armor
47:49 Halberdier
49:12 Plate Mail Armor
49:10 Hussar
XNB
6:50 Loom
9:42 Feudal Age
10:51 Double-Bit Axe
13:41 Horse Collar
16:38 Fletching
18:18 Padded Archer Armor
21:57 Castle Age
21:19 Padded Archer Armor
21:18 Gold Mining
23:16 Bow Saw
22:43 Crossbowman
23:28 Thumb Ring
23:29 Bodkin Arrow
24:08 Leather Archer Armor
25:21 Wheelbarrow
26:17 Ballistics
26:22 Heavy Plow
28:02 Stone Mining
32:04 Hand Cart
34:28 Gold Shaft Mining
39:16 Imperial Age
37:53 Royal Heirs
39:50 Scale Mail Armor
40:00 Forging
40:06 Arbalester
42:12 Chemistry
41:18 Siege Engineers
42:44 Stone Shaft Mining
42:39 Elite Shotel Warrior
43:55 Bracer
44:26 Ring Archer Armor
43:47 Elite Shotel Warrior
44:48 Conscription
44:47 Chain Mail Armor
45:07 Iron Casting
45:52 Two-Man Saw
46:04 Squires
45:49 Arson
47:51 Scale Barding Armor
48:16 Plate Mail Armor
48:51 Husbandry
48:11 Cavalier
49:14 Chain Barding Armor
Boy oh boy
3:53 Double-Bit Axe
7:01 Loom
9:15 Feudal Age
9:22 Horse Collar
10:38 Bow Saw
17:58 Scale Barding Armor
20:50 Castle Age
19:52 Heavy Plow
20:14 Forging
22:10 Chain Barding Armor
23:02 Two-Man Saw
22:32 Husbandry
22:47 Gold Mining
23:53 Cavalier
25:20 Gold Shaft Mining
27:22 Wheelbarrow
26:34 Town Watch
30:33 Hand Cart
30:18 Town Patrol
31:28 Iron Casting
38:43 Imperial Age
37:04 Crop Rotation
36:53 Stone Mining
38:45 Paladin
40:03 Plate Barding Armor
40:28 Blast Furnace
40:31 Chemistry
39:51 Ballistics
39:59 Conscription
42:11 Coinage
45:39 Caravan
47:50 Stone Shaft Mining
47:07 Fletching
FyzhoSlow
7:48 Loom
10:22 Feudal Age
11:52 Double-Bit Axe
20:07 Castle Age
24:33 Scale Barding Armor
24:29 Scale Mail Armor
24:43 Forging
25:10 Horse Collar
26:28 Bow Saw
28:50 Iron Casting
29:25 Chain Barding Armor
34:23 Imperial Age
32:06 Heavy Plow
35:03 Gold Mining
35:38 Conscription
36:39 Plate Barding Armor
37:05 Blast Furnace
37:21 Elite Boyar
K1ller401
7:01 Loom
10:03 Feudal Age
10:31 Double-Bit Axe
11:42 Horse Collar
16:13 Wheelbarrow
22:51 Castle Age
23:24 Padded Archer Armor
23:15 Fletching
23:54 Bow Saw
24:44 Elite Skirmisher
31:07 Bodkin Arrow
31:52 Ballistics
32:49 Leather Archer Armor
33:06 Scale Mail Armor
34:04 Heavy Plow
36:21 Gold Mining
36:21 Stone Mining
36:39 Squires
36:25 Arson
40:30 Imperial Age
38:26 Forging
39:17 Chain Mail Armor
39:55 Iron Casting
41:39 Conscription
40:41 Shield Wall
41:05 Elite Hearth Troop
42:23 Crop Rotation
43:00 Chemistry
43:04 Two-Man Saw
45:10 Plate Mail Armor
46:53 Siege Engineers
47:21 Coinage
49:46 Banking
51:46 Hand Cart
Chill Trip
7:14 Loom
9:45 Feudal Age
10:12 Double-Bit Axe
10:09 Horse Collar
20:10 Fletching
20:20 Padded Archer Armor
24:31 Castle Age
24:35 Crossbowman
25:35 Bow Saw
26:39 Heavy Plow
27:21 Bodkin Arrow
27:41 Leather Archer Armor
30:38 Thumb Ring
34:15 Ballistics
37:59 Imperial Age
38:22 Arbalester
40:12 Chemistry
47:18 Two-Man Saw
Connection lost

Rejoining the realm…

Still unreachable

The connection could not be restored.

Session expired

The server has moved on; the page needs a fresh start.